Map: Dusk Towers

Players

BuRny - Winner!

  • Race: Terran Terran
  • League: Master

A.I. 1 (Very Easy)

  • Race: Zerg Zerg

VOD

Have the link to the VOD?

Description

Gas First Cloakless Banshee into 3cc fast stim and +1+1, 16 marines and 2 medivacs at 6:00

Time

  • Played on: Dec. 20, 2015, 10:59 p.m.
  • Length: 8:47
Show
View Real Time Build Order
Export as new Build Order

BuRny Terran - Winner!

Build Orders: MMM Bio 

Get SALT Encoding   

  12  0:02  SCV  
  13  0:14  SCV  
  14  0:18  Supply Depot  
  14  0:26  SCV  
  15  0:35  Refinery  
  15  0:40  SCV  
  16  0:45  Barracks  
  16  0:52  SCV  
  18  1:04  SCV  
  18  1:16  SCV  
  19  1:32  Orbital Command  
  19  1:33  Marine  
  19  1:36  Factory  
  20  1:57  Command Center  
  20  2:02  SCV  
  20  2:05  Barracks Reactor  
  21  2:14  SCV  
  22  2:18  Supply Depot  
  22  2:28  SCV  
  23  2:32  Starport  
  23  2:40  SCV  
  24  2:53  Command Center  
  24  2:55  Factory Tech Lab  
  25  2:58  SCV  
  25  3:10  SCV  
  25  3:11  Barracks  
  26  3:17  Orbital Command  
  26  3:24  Banshee  
  29  3:27  SCV  
  30  3:35  Barracks  
  30  3:37  Factory Reactor  
  30  3:40  SCV  
  31  3:45  SCV  
  32  3:52  SCV, Marine x2  
  35  3:57  SCV  
  35  3:59  Refinery  
  35  4:01  Refinery  
  36  4:04  SCV  
  36  4:09  SCV  
  39  4:11  Orbital Command  
  39  4:13  Stimpack  
  39  4:16  SCV  
  39  4:21  SCV  
  40  4:26  Engineering Bay  
  40  4:27  Engineering Bay  
  40  4:28  SCV  
  40  4:30  Starport Reactor  
  41  4:33  SCV  
  41  4:36  Barracks  
  41  4:38  SCV  
  43  4:41  SCV  
  43  4:43  Barracks  
  44  4:46  Factory Tech Lab  
  44  4:47  SCV  
  44  4:50  SCV  
  46  4:53  Terran Infantry Weapons Level 1, SCV  
  46  4:57  Terran Infantry Armor Level 1  
  46  4:59  SCV  
  48  5:00  Marine, Orbital Command  
  48  5:02  Marine  
  48  5:03  Marine  
  48  5:04  Marine  
  48  5:06  Marine  
  53  5:08  SCV  
  53  5:10  Medivac  
  56  5:18  Supply Depot, Marine  
  56  5:20  Supply Depot, Marine  
  58  5:21  Marine  
  58  5:22  Supply Depot  
  58  5:26  Supply Depot, Marine  
  61  5:28  Reaper  
  61  5:39  Marine  
  61  5:40  SCV x2, Marine x3, Medivac  
  69  5:47  SCV  
  70  5:51  Marine x2  
  70  5:52  Supply Depot x2, SCV x2  
  70  5:55  Siege Tank  
  77  5:59  SCV  
  79  6:05  Barracks Reactor, Refinery  
  79  6:06  Barracks Reactor, Marine x2  
  79  6:07  SCV x2, Marine  
  83  6:15  Marine x2  
  83  6:16  SCV  
  83  6:17  Medivac x2  
  90  6:19  SCV x2  
  92  6:28  SCV  
  92  6:30  Armory  
  92  6:31  Marine x2  
  95  6:34  SCV  
  95  6:35  SCV, Refinery  
  97  6:40  Supply Depot x2, SCV  
  97  6:41  Marine  
  97  6:42  Marine  
  97  6:44  Combat Shields  
  97  6:46  SCV  
  101  6:47  SCV  
  101  6:48  Marine x4  
  101  6:49  Marine  
  101  6:50  Marine  
  101  6:51  Marine  
  109  7:01  Marine x2  
  109  7:02  SCV x3, Siege Tank, Medivac  
  109  7:06  Marine  
  109  7:08  Supply Depot  
  120  7:10  Supply Depot  
  120  7:11  Supply Depot  
  120  7:12  Supply Depot  
  120  7:23  Marine x5  
  120  7:29  Medivac, Marine x4  
  130  7:40  Marine  
  130  7:41  Marine x4  
  135  7:52  Marine x4  
  135  7:53  Siege Tank, Medivac  
  144  7:58  Marine x2  
  144  7:59  Command Center, Marine x3  
  149  8:10  Marine x4  
Show
View Real Time Build Order
Export as new Build Order

A.I. 1 (Very Easy) Zerg 

Build Orders: Hatch First 

Get SALT Encoding   

  12  0:01  Drone  
  13  0:12  Overlord  
  13  0:17  Drone  
  14  0:42  Hatchery  
  13  0:45  Drone  
  14  1:04  Spawning Pool  
  13  1:05  Extractor  
  13  1:08  Drone  
  13  1:15  Drone  
  14  1:20  Overlord  
  14  1:51  Queen, Zergling x2  
  14  1:53  Zergling x2  
  18  1:59  Roach Warren  
  17  2:05  Drone  
  18  2:09  Extractor  
  18  2:12  Drone  
  18  2:17  Zergling x2  
  18  2:21  Drone  
  20  2:28  Drone  
  21  2:35  Drone  
  22  2:42  Drone  
  23  2:50  Drone  
  24  2:57  Drone  
  25  3:04  Drone  
  28  3:05  Roach  
  28  3:09  Overlord  
  28  3:13  Drone  
  29  3:20  Drone  
  30  3:28  Drone  
  31  3:35  Drone  
  32  3:42  Drone  
  32  3:44  Overlord  
  33  3:49  Drone  
  33  3:53  Lair  
  33  3:54  Roach  
  36  3:56  Drone  
  37  4:04  Drone  
  38  4:11  Drone  
  39  4:19  Drone  
  40  4:26  Drone  
  40  4:27  Overlord  
  41  4:33  Drone  
  42  4:40  Drone  
  42  4:43  Roach  
  45  4:47  Drone  
  45  4:50  Overseer  
  45  4:52  Overseer  
  46  4:53  Extractor  
  46  4:54  Drone  
  46  5:00  Extractor  
  46  5:02  Drone  
  46  5:09  Drone  
  47  5:16  Drone  
  48  5:23  Drone  
  49  5:30  Drone  
  49  5:31  Roach  
  52  5:37  Drone  
  52  7:15  Queen  
  52  7:17  Zergling x2  
  52  7:18  Drone  
  52  7:19  Overlord  
  42  7:25  Drone  
  35  7:32  Drone  
  30  7:39  Drone  
  25  7:46  Roach  
  25  7:47  Drone  
  16  7:54  Drone  
  16  7:56  Overlord  
  9  8:01  Drone  
Tags
 
Composition
MMM Bio
League
Master
Matchup
TvZ
Add a new tag
Caveats
  • Supply blocks, unpowered buildings, or Contaminate may cause inaccurate times.
  • Supply counts are checked every 10 seconds.